 Dungeon Crawl Stone Soup version 0.26-a0-639-g72c4674329 (webtiles) character file.

Game seed: 15871583807765661952

947 Lanoc the Frost Mage (level 8, -3/36 HPs)
             Began as a Vine Stalker Ice Elementalist on Sept 17, 2020.
             Was an Initiate of Gozag.
             Slain by an ice beast (9 damage)
             ... on level 5 of the Dungeon.
             The game lasted 00:07:28 (4665 turns).

Lanoc the Frost Mage (VSIE)                         Turns: 4665, Time: 00:07:29

Health: -3/36      AC:  2    Str: 11    XL:     8   Next: 13%
Magic:  0/12       EV: 15    Int: 17    God:    Gozag
Gold:   194        SH:  0    Dex: 17    Spells: 4/11 levels left

rFire    . . .     SeeInvis .   n - +6 dire flail "Meh Toq" {freeze, Dex+2}
rCold    . . .     Faith    .   (shield currently unavailable)
rNeg     . . .     Spirit   +   q - +0 robe {MR+}
rPois    .         Reflect  .   (no helmet)
rElec    .         Harm     .   (no cloak)
rCorr    .         Rampage  .   (no gloves)
MR       ++...                  (no boots)
Stlth    +++.......             (no amulet)
HPRegen  0.52/turn              j - ring of stealth
MPRegen  0.13/turn              (no ring)

@: frozen ramparts
A: fangs 3, regeneration 1, magic shield, antimagic bite, no potion heal 3, rot
immunity
a: Potion Petition, Call Merchant, Bribe Branch, Renounce Religion


You were on level 5 of the Dungeon.
You worshipped Gozag.
Gozag was aware of your devotion.
You visited 2 branches of the dungeon, and saw 6 of its levels.

You collected 249 gold pieces.
You paid 55 gold pieces to Gozag.

Inventory:

Hand Weapons
 a - a +1 dagger of electrocution
 n - the +6 dire flail "Meh Toq" (weapon) {freeze, Dex+2}
   (You took it off an ogre on level 3 of the Dungeon)

   It has been specially enchanted to freeze those struck by it, causing extra
   injury to most foes and up to half again as much damage against particularly
   susceptible opponents.
   It can also slow down cold-blooded creatures.
   It affects your dexterity (+2).
Missiles
 l - 2 throwing nets (quivered)
Armour
 q - a +0 robe of magic resistance (worn)
Jewellery
 j - a ring of stealth (left hand)
Wands
 d - a wand of random effects (17)
Scrolls
 b - a scroll of enchant weapon {unknown}
 c - 2 scrolls of immolation {unknown}
 e - 2 scrolls of fog {unknown}
 f - 3 scrolls of teleportation {unknown}
 i - 6 scrolls of identify {unknown}
 k - a scroll of random uselessness {unknown}
 m - 4 scrolls of remove curse {unknown}
 o - a scroll of amnesia {unknown}
Potions
 g - a potion of heal wounds {unknown}
 h - 2 potions of brilliance {unknown}
 p - a potion of curing {unknown}


   Skills:
 + Level 4.5 Dodging
 - Level 2.4 Stealth
 - Level 2.1 Spellcasting
 * Level 8.5 Ice Magic


You had 4 spell levels left.
You knew the following spells:

 Your Spells              Type           Power        Failure   Level
a - Freeze                Ice            ####         1%          1
b - Frozen Ramparts       Ice            ####..       1%          3
c - Ozocubu's Armour      Ice            ####....     1%          3

Your spell library contained the following spells:

 Spells                   Type           Power        Failure   Level
 Hailstorm                Conj/Ice       ###.....     32%         4
 Summon Ice Beast         Ice/Summ       ###.....     32%         4


Dungeon Overview and Level Annotations

Branches:
Dungeon (5/15)             Temple (1/1) D:4

Altars:
Ashenzari
Cheibriados
Dithmenos
Elyvilon
Fedhas
Gozag
Hepliaklqana
Kikubaaqudgha
Nemelex Xobeh
Okawaru
Ru
Uskayaw
Wu Jian
Yredelemnul
Zin
The Shining One


Innate Abilities, Weirdness & Mutations

You have razor-sharp teeth.
Your natural rate of healing is unusually fast.
When hurt, damage is shared between your health and your magic reserves.
Your bite disrupts and absorbs the magic of your enemies.
Potions cannot restore your health.
You are immune to rotting.


Message History

You hit the ice beast. Your bite misses the ice beast.
The ice beast is lightly wounded.
The ice beast completely resists.
The wall freezes the ice beast but do no damage.
The ice beast hits you. The ice beast freezes you!
You are too injured to fight recklessly!
You hit the ice beast. You bite the ice beast. You drain its power.
You feel invigorated.
The ice beast is moderately wounded.
The ice beast completely resists.
The wall freezes the ice beast but do no damage.
The ice beast hits you. The ice beast freezes you.
* * * LOW HITPOINT WARNING * * *
The ice beast completely resists.
The wall freezes the ice beast but do no damage.
The ice beast hits you.
* * * LOW HITPOINT WARNING * * *
The ice beast freezes you!
You die...
Your body crumbles into a pile of gold.

. ### . ..# #.
#.# .##.# ##
#(....$
#.......# .#
...##Y####.#
#.##@(....#
#.......###
#.##.##.#
##.##.# #
#.####...."#
###
#.......####
..#
#####...####..#
#.# #.........#
#.#######
#...####.##


You could see an ice beast.

Vanquished Creatures
  Sigmund (D:2)
  A water moccasin (D:5)
  3 ogres (D:3)
  A bullfrog skeleton (D:5)
  An orc priest (D:4)
  2 iguanas (D:4)
  2 orc wizards (D:3)
  2 worker ants
  The ghost of Lanoc the Gusty, a weakling DEAE (D:3)
  7 gnolls
  4 adders
  An ooze (D:1)
  3 dart slugs
  4 worms
  A leopard gecko (D:5)
  12 orcs
  2 ball pythons (D:2)
  5 giant cockroaches
  9 goblins
  3 hobgoblins
  3 jackals (D:1)
  A quokka (D:4)
  A ball python skeleton (D:4)
  4 bats
  6 frilled lizards
  7 kobolds
  8 rats
95 creatures vanquished.

Notes
Turn   | Place    | Note
-------+----------+-------------------------------------------
     0 | D:1      | Lanoc the Vine Stalker Ice Elementalist began the quest for
                  | the Orb.
     0 | D:1      | Reached XP level 1. HP: 9/9 MP: 4/4
   178 | D:1      | Reached XP level 2. HP: 7/13 MP: 0/6
   395 | D:1      | Reached XP level 3. HP: 4/16 MP: 0/7
   400 | D:1      | Learned a level 3 spell: Frozen Ramparts
   720 | D:2      | Noticed Sigmund
   735 | D:2      | Killed Sigmund
   735 | D:2      | Reached skill level 5 in Ice Magic
   735 | D:2      | Gained mutation: Your natural rate of healing is unusually
                  | fast. [Vine Stalker growth]
   735 | D:2      | Reached XP level 4. HP: 9/21 MP: 1/8
   735 | D:2      | Reached XP level 5. HP: 10/24 MP: 1/9
   856 | D:2      | Reached skill level 6 in Ice Magic
  1445 | D:2      | Found a snail-covered altar of Cheibriados.
  1609 | D:2      | Found a white marble altar of Elyvilon.
  1822 | D:3      | Reached XP level 6. HP: 28/28 MP: 7/10
  2454 | D:3      | Reached skill level 7 in Ice Magic
  2485 | D:3      | Reached XP level 7. HP: 30/32 MP: 9/11
  2708 | D:3      | Noticed Lanoc's ghost (weakling DEAE)
  2709 | D:3      | Found a transporter.
  2710 | D:3      | Identified the +6 dire flail "Meh Toq" {freeze, Dex+2}
  2713 | D:3      | Found a transporter.
  2739 | D:3      | Killed Lanoc's ghost
  2962 | D:4      | Found a staircase to the Ecumenical Temple.
  2969 | Temple   | Entered the Ecumenical Temple
  3276 | Temple   | Became a worshipper of Gozag Ym Sagoz the Greedy
  4009 | D:4      | Reached skill level 8 in Ice Magic
  4028 | D:4      | Learned a level 3 spell: Ozocubu's Armour
  4284 | D:5      | Entered Level 5 of the Dungeon
  4436 | D:5      | Gained mutation: You have razor-sharp teeth. [Vine Stalker
                  | growth]
  4436 | D:5      | Reached XP level 8. HP: 34/36 MP: 10/12
  4665 | D:5      | Slain by an ice beast

Illustrated notes

Levels and vault maps discovered:
D:1:      heliophobic_arrival_enchanted_forest, layout_rooms,
          kennysheep_crisscross
D:2:      layout_basic, lemuel_doored_altar, elyvilon_altar_3, uniq_sigmund
D:3:      layout_loops_corners, gammafunk_ghost_smash
D:4:      layout_gridville, minmay_temple_entry_statues_pillars, minivault_5
D:5:      layout_loops_cross, nicolae_overflow_hidden_temple, bloody_makhleb,
          gammafunk_temple_overflow_statue, chequers_mini_garden
Temple:   eino_narrow_crystal_temple

Skill      XL: |  1  2  3  4  5  6  7 |
---------------+----------------------+-----
Dodging        | 2 3 4 |  4.5
Ice Magic      | 5 6 7 8 |  8.5
Stealth        | |  2.4
Spellcasting   | |  2.1

Action                   |  1- 3 |  4- 6 |  7- 9 || total
-------------------------+-------+-------+-------++-------
Melee: Unarmed           |    16 |     8 |       ||    24
       Bite              |     5 |     4 |     8 ||    17
       Dagger            |       |    11 |     1 ||    12
       Dire flail        |       |       |    27 ||    27
 Cast: Freeze            |    23 |    22 |     6 ||    51
       Frozen Ramparts   |     2 |    22 |    14 ||    38
 Stab: Sleeping          |     1 |     2 |     2 ||     5
Armor: Robe              |     4 |     2 |     1 ||     7
Dodge: Dodged            |    27 |    28 |    20 ||    75

Table legend: (Time is in decaauts)
 A = Elapsed time spent in this place.
 B = Non-inter-level travel time spent in this place.
 C = Inter-level travel time spent in this place.
 D = Time resting spent in this place.
 E = Time spent auto-exploring this place.
 F = Levels seen in this place.
 G = Mean time per level.
                   A        B        C        D        E       F      G
               +--------+--------+--------+--------+--------+-----+--------+
         Total |   4671 |   4570 |    101 |      2 |   3812 |   6 |  778.5 |
       Dungeon |   4355 |   4261 |     94 |      2 |   3618 |   5 |  871.0 |
        Temple |    315 |    308 |      7 |      0 |    194 |   1 |  315.0 |
               +--------+--------+--------+--------+--------+-----+--------+

Top non-repeatable levels by time:
     D:3: 1218 daAuts
     D:2: 1022 daAuts
     D:4: 1010 daAuts
     D:1: 720 daAuts
     D:5: 383 daAuts
  Temple: 315 daAuts
